 Dungeon Sprint DCSS version 0.23.0 (webtiles) character file.

Game seed: 2665574082411255520

30 Groucho the Insei (level 3, 0/43 HPs)
             Began as a Gnoll Transmuter on Feb 13, 2019.
             Slain by a scorpion (1 damage)
             ... in the Dungeon (Sprint IX: "|||||||||||||||||||||||||||||").
             The game lasted 00:00:32 (257 turns).

Groucho the Insei (Gnoll Transmuter)                 Turns: 257, Time: 00:00:32

Health: 0/43       AC:  2    Str: 17    XL:     3   Next: 18%
Magic:  6/9        EV: 15    Int: 16    God:
Gold:   0          SH:  0    Dex: 15    Spells: 11/12 levels left

rFire    . . .     SeeInvis .     - Unarmed
rCold    . . .     Gourm    .   (no shield)
rNeg     . . .     Faith    .   b - +0 robe
rPois    .         Spirit   .   (no helmet)
rElec    .         Reflect  .   (no cloak)
rCorr    .         Harm     .   (no gloves)
MR       .....     NoTele   +   (no boots)
Stlth    ..........             (no amulet)
HPRegen  0.14/turn              (no ring)
MPRegen  0.11/turn              (no ring)

@: berserking, lethally poisoned (0 -> -7), appendage (expiring), very quick
A: distributed training, fangs 1, horns 2, strong nose
a: End Transformation


You were in the Dungeon.
You were not hungry.
You had grown temporary horns.
You visited 1 branch

Inventory:

Missiles
 a - 12 arrows
Armour
 b - a +0 robe (worn)
Scrolls
 j - a scroll of blinking
Potions
 e - a potion of curing
 f - a potion of heal wounds
 g - a potion of haste
 h - 2 potions of magic
Comestibles
 d - a ration


   Skills:
 + Level 3.1 Fighting
 + Level 1.8 Short Blades
 + Level 1.8 Long Blades
 + Level 1.8 Axes
 + Level 1.8 Maces & Flails
 + Level 1.8 Polearms
 + Level 1.8 Staves
 + Level 1.8 Slings
 + Level 1.8 Bows
 + Level 1.8 Crossbows
 + Level 1.8 Throwing
 + Level 1.8 Armour
 + Level 4.9 Dodging
 + Level 1.8 Stealth
 + Level 1.8 Shields
 + Level 6.8 Unarmed Combat
 + Level 5.3 Spellcasting
 + Level 1.4 Conjurations
 + Level 1.4 Hexes
 + Level 1.4 Charms
 + Level 1.4 Summonings
 + Level 1.4 Necromancy
 + Level 1.4 Translocations
 + Level 4.0 Transmutations
 + Level 1.4 Fire Magic
 + Level 1.4 Ice Magic
 + Level 1.4 Air Magic
 + Level 1.4 Earth Magic
 + Level 1.4 Poison Magic
 + Level 2.0 Invocations
 + Level 1.8 Evocations


You had 11 spell levels left.
You knew the following spells:

 Your Spells              Type           Power        Failure   Level  Hunger
a - Beastly Appendage     Tmut           ###...       2%          1    None

Your spell library contained the following spells:

 Spells                   Type           Power        Failure   Level  Hunger
 Sticks to Snakes         Tmut           ###.....     4%          2    #......
 Spider Form              Tmut/Pois      ##........   14%         3    ###....
 Ice Form                 Ice/Tmut       ##......     43%         4    ####...
 Blade Hands              Tmut           ###.......   61%         5    ######.


Dungeon Overview and Level Annotations

Branches:
Dungeon (1/1)

Altars:


Innate Abilities, Weirdness & Mutations

Your experience applies equally to all skills.
You have very sharp teeth.
Your uncanny sense of smell can sniff out nearby items.
You have a pair of horns on your head.


Message History

You feel clever. The scorpion stings you!
* * * LOW HITPOINT WARNING * * *
You are lethally poisoned!
The scorpion poisons you!
You see here a worker ant corpse.
You closely miss the scorpion. You headbutt the scorpion.
The scorpion is lightly wounded.
* * * LOW HITPOINT WARNING * * *
You feel sick.
Unknown command.
You punch the scorpion! You headbutt the scorpion.
The scorpion is almost dead.
* * * LOW HITPOINT WARNING * * *
You feel sick. The scorpion misses you.
You closely miss the scorpion.
The scorpion is almost dead.
Your transformation is almost over.
The scorpion stings you.
You die...

∆ ∆
▓+▓
∆
▓S▓
∆
▓l▓
∆
▓g▓
∆
▓s▓
∆
▓@▓
∆
▓'▓
∆
▓.▓
∆
▓.▓
∆
▓÷▓
▓(▓
▓÷▓
▓'▓
▓.▓


You could see a scorpion, a gnoll, an adder and a leopard gecko.

Vanquished Creatures
  A worker ant (D)
  2 bats (D)
  A frilled lizard (D)
  A kobold (D)
  A rat (D)
6 creatures vanquished.

Notes
Turn   | Place    | Note
-------+----------+-------------------------------------------
     0 | D        | Groucho the Gnoll Transmuter began the quest for the Orb.
     0 | D        | Reached XP level 1. HP: 17/17 MP: 6/6
    23 | D        | Reached skill level 5 in Spellcasting
    27 | D        | Reached skill level 1 in Invocations
   245 | D        | Noticed a scorpion
   245 | D        | Noticed a worker ant
   253 | D        | Killed a worker ant
   253 | D        | Reached skill level 1 in Short Blades
   253 | D        | Reached skill level 1 in Long Blades
   253 | D        | Reached skill level 1 in Axes
   253 | D        | Reached skill level 1 in Maces & Flails
   253 | D        | Reached skill level 1 in Polearms
   253 | D        | Reached skill level 1 in Staves
   253 | D        | Reached skill level 1 in Slings
   253 | D        | Reached skill level 1 in Bows
   253 | D        | Reached skill level 1 in Crossbows
   253 | D        | Reached skill level 1 in Throwing
   253 | D        | Reached skill level 1 in Armour
   253 | D        | Reached skill level 1 in Stealth
   253 | D        | Reached skill level 1 in Shields
   253 | D        | Reached skill level 1 in Conjurations
   253 | D        | Reached skill level 1 in Hexes
   253 | D        | Reached skill level 1 in Charms
   253 | D        | Reached skill level 1 in Summonings
   253 | D        | Reached skill level 1 in Necromancy
   253 | D        | Reached skill level 1 in Translocations
   253 | D        | Reached skill level 1 in Fire Magic
   253 | D        | Reached skill level 1 in Ice Magic
   253 | D        | Reached skill level 1 in Air Magic
   253 | D        | Reached skill level 1 in Earth Magic
   253 | D        | Reached skill level 1 in Poison Magic
   253 | D        | Reached skill level 1 in Evocations
   253 | D        | Reached XP level 2. HP: 10/24 MP: 6/8
   253 | D        | Reached XP level 3. HP: 12/29 MP: 6/9
   255 | D        | HP: 2/43 [poisoned by a scorpion]
   257 | D        | Slain by a scorpion

Skill      XL: |  1 |
---------------+----+-----
Spellcasting   | 5 |  5.3
Invocations    | 2 |  2.0
Fighting       | 3 |  3.1
Short Blades   | 1 |  1.8
Long Blades    | 1 |  1.8
Axes           | 1 |  1.8
Maces & Flails | 1 |  1.8
Polearms       | 1 |  1.8
Staves         | 1 |  1.8
Slings         | 1 |  1.8
Bows           | 1 |  1.8
Crossbows      | 1 |  1.8
Throwing       | 1 |  1.8
Armour         | 1 |  1.8
Stealth        | 1 |  1.8
Shields        | 1 |  1.8
Conjurations   | 1 |  1.4
Hexes          | 1 |  1.4
Charms         | 1 |  1.4
Summonings     | 1 |  1.4
Necromancy     | 1 |  1.4
Translocations | 1 |  1.4
Transmutations | 4 |  4.0
Fire Magic     | 1 |  1.4
Ice Magic      | 1 |  1.4
Air Magic      | 1 |  1.4
Earth Magic    | 1 |  1.4
Poison Magic   | 1 |  1.4
Evocations     | 1 |  1.8
Dodging        | |  4.9
Unarmed Combat | |  6.8

Action                   || total
-------------------------++-------
Melee: Unarmed           ||    28
       Headbutt          ||     4
       Bite              ||     2
 Cast: Beastly Appendage ||     2
  Use: Potion            ||     1
 Stab: Sleeping          ||     1
Armor: Robe              ||     6
Dodge: Dodged            ||    18
